 Dungeon Crawl Stone Soup version 0.32-a0-913-g739538afd8 (webtiles) character file.

Game seed: 5540755108222662585

4575 ketsa the Thaumaturge (level 10, -3/39 (41) HPs)
             Began as a Vine Stalker Ice Elementalist on Apr 7, 2024.
             Was a Believer of Hepliaklqana.
             Slain by Grum
             ... wielding a -1 spear
              (8 damage)
             ... on level 8 of the Dungeon.
             The game lasted 01:02:44 (11235 turns).

ketsa the Thaumaturge (VSIE)                       Turns: 11235, Time: 01:02:44

HP:   -3/39 (41)    AC:  4    Str: 11    XL:     10   Next: 41%
MP:   0/23          EV: 11    Int: 19    God:    Hepliaklqana [**....]
Gold: 383           SH:  0    Dex: 15    Spells: 12/25 levels left

rFire   . . .        x - +2 short sword (vamp)
rCold   . . .        (no shield)
rNeg    . . .        a - +0 robe
rPois   +            (no helmet)
rElec   .            (no cloak)
rCorr   .            u - +1 pair of gloves
SInv    .            (no boots)
Will    +....        (no amulet)
Stlth   ++           p - ring of poison resistance
HPRegen 1.06/turn    c - ring of flight
MPRegen 0.18/turn

%: guardian spirit
@: freezing walls, flying, lightly drained
A: reduced essence, fangs 3, regeneration 1, magic shield, antimagic bite, no
potion heal 2
a: Renounce Religion, Recall Ancestor, Ancestor Identity


You were on level 8 of the Dungeon.
You worshipped Hepliaklqana.
Hepliaklqana was pleased with you.
You visited 2 branches of the dungeon, and saw 9 of its levels.

You collected 422 gold pieces.
You spent 39 gold pieces at shops.

Inventory:

Hand Weapons
 v - a +2 short sword of venom
 x - a +2 vampiric short sword (weapon)
 y - a +0 short sword of speed
 A - a +3 short sword
 D - a +2 dagger of chaos
 K - a +4 falchion
Missiles
 d - 4 boomerangs (quivered)
 e - 98 stones
 i - 2 javelins
 G - 15 poisoned darts
Armour
 a - a +0 robe (worn)
 u - a +1 pair of gloves (worn)
Magical Staves
 m - a staff of earth
 z - a staff of air
 J - a staff of alchemy
Jewellery
 c - a ring of flight (right hand)
 p - a ring of poison resistance (left hand)
Wands
 q - a wand of flame (18)
 B - a wand of paralysis (7)
 L - a wand of roots (5)
Scrolls
 f - a scroll of fog {unknown}
 h - 4 scrolls of teleportation
 k - 2 scrolls of noise
 n - 3 scrolls of poison
 o - a scroll of torment {unknown}
 s - 2 scrolls of vulnerability
 w - a scroll of enchant armour {unknown}
 F - a scroll of enchant weapon
 I - a scroll of revelation {unknown}
Potions
 b - a potion of magic
 j - 2 potions of curing
 l - 5 potions of brilliance
 r - a potion of resistance
 t - 2 potions of attraction
 C - 2 potions of cancellation {unknown}
 E - a potion of might
 H - a potion of enlightenment


   Skills:
 + Level 1.6 Fighting
 - Level 6.2 Short Blades
 - Level 1.5 Dodging
 - Level 2.4 Stealth
 + Level 8.3 Spellcasting
 - Level 4.7 Conjurations
 + Level 2.7 Hexes
 - Level 5.6 Summonings
 - Level 7.0 Ice Magic
 + Level 1.7 Evocations


You had 12 spell levels left.
You knew the following spells:

 Your Spells              Type           Power      Damage    Failure   Level
a - Freeze                Ice            100%       1d10      1%          1
b - Ozocubu's Armour      Ice            34%        N/A       1%          3
c - Frozen Ramparts       Ice            68%        1d11      1%          3
d - Hailstorm             Conj/Ice       30%        3d8       2%          3
e - Summon Ice Beast      Ice/Summ       32%        N/A       1%          3

Your spell library contained the following spells:

 Spells                   Type           Power      Damage    Failure   Level
 Tukima's Dance           Hex            18%        N/A       9%          3
 Inner Flame              Hex/Fire       13%        N/A       16%         3
 Cause Fear               Hex            9%         N/A       28%         4
 Flame Wave               Conj/Fire      17%        2d7       32%         4
 Sticky Flame             Fire/Alch      7%         2d4       65%         4
 Permafrost Eruption      Ice/Erth       10%        2x4d3     97%         6
 Sculpt Simulacrum        Ice/Alch       10%        N/A       97%         6
 Eringya's Noxious Bog    Alch           3%         4d6       100%        6
 Enfeeble                 Hex            9%         N/A       100%        7


Dungeon Overview and Level Annotations

Branches:
Dungeon (8/15)             Temple (1/1) D:4
   Lair: D:8-11

Altars:
Ashenzari
Cheibriados
Dithmenos
Elyvilon
Fedhas
Hepliaklqana
Kikubaaqudgha
Makhleb
Nemelex Xobeh
Okawaru
Qazlal
Ru
Trog
Uskayaw
Vehumet
Wu Jian
Xom
Yredelemnul
Zin
The Shining One

Shops:
D:3 !

Annotations:
D:3 1 runed translucent door, Crazy Yiuf
D:8 Grum, Jeremiah


Innate Abilities, Weirdness & Mutations

Your life essence is reduced to manifest your ancestor. (-10% HP)
You have razor-sharp teeth.
Your natural rate of healing is unusually fast.
When hurt, damage is shared between your health and your magic reserves.
Your bite disrupts and absorbs the magic of your enemies.
Potions cannot restore your health.


Message History

The wolf howls!
Grum hits you from afar with a -1 spear.
Casting: Frozen Ramparts (safe; 1% risk of failure)
Confirm with . or Enter, or press ? or * to list all spells.
Casting: Frozen Ramparts (safe; 1% risk of failure)
Press: ? - help, Dir - look around, f - activate The walls around you are covered in ice.
Edy hits Grum with a +0 flail!
The wall freezes Grum!
Grum points his finger and shouts, "Fluffy!
Sic 'em!"
Grum hits you from afar with a -1 spear!
The wall freezes the wolf.
Edy hits Grum with a +0 flail.
The wall freezes Grum.
Grum hits you from afar with a -1 spear!
The wall freezes the wolf. x3; The wolf bites you.
The wall freezes Grum!
Grum hits you from afar with a -1 spear.
* * * LOW HITPOINT WARNING * * *
You hit the wolf but do no damage.
The wolf is heavily wounded.
The wall freezes the wolf.
The wolf closely misses Edy.
The wall freezes the wolf.
The wolf closely misses you.
Edy barely misses Grum.
The wall freezes the wolf.
Edy blocks the wolf's attack.
The wall freezes Grum but does no damage.
Grum hits you from afar with a -1 spear!
* * * LOW HITPOINT WARNING * * *
You hit the wolf.
You feel better.
You bite the wolf, but do no damage.
The wolf is severely wounded.
The wall freezes the wolf but does no damage.
The wolf bites you.
* * * LOW HITPOINT WARNING * * *
The wall freezes the wolf.
Edy blocks the wolf's attack.
The wall freezes the wolf.
The wolf bites you.
* * * LOW HITPOINT WARNING * * *
You miss the wolf.
The wolf is almost dead.
Edy hits the wolf with a +0 flail.
The wall freezes the wolf.
You kill the wolf!
The wall freezes Grum!
Grum hits you from afar with a -1 spear!
You die...
Hepliaklqana delivers you to your ancestors.

##. .. ... .### ...
... ...>######.. ..#
........##.# #
.##.##.......##.###..
##...##......##g†..#
#..#..##.....##Rh#.#
..#.#.. #.......@..#
.#._.#.
###.....###..#
..#.#..##....##.# .#
+..#..##.....#..# #
##..#####... .#
##...# #...#
..###..#.# #....
#..#..##.# #..###
#.#.###.# #..#


You could see the friendly Edy the knight, Grum and a wolf.

Vanquished Creatures
  Menkaure (D:7)
  A black bear (D:4)
  3 ogres
  A wolf (D:8)
  2 centaurs (D:7)
  4 phantoms
  2 kobold brigands
  5 scorpions
  A bullfrog (D:7)
  5 wights
  11 killer bees
  4 electric eels
  3 crimson imps (D:5)
  2 bombardier beetles (D:6)
  2 orc priests (D:6)
  2 hounds (D:5)
  A gnoll bouda (D:4)
  Natasha (thrice) (D:2)
  5 iguanas
  4 orc wizards
  8 adders
  15 gnolls
  2 white imps (D:6)
  5 ufetubi
  3 ribbon worms
  3 dart slugs
  15 orcs
  6 bats
  5 endoplasms
  5 giant cockroaches
  20 goblins
  8 hobgoblins
  2 jackals (D:4)
  3 quokkas
  3 ball pythons
  3 frilled lizards
  27 kobolds
  6 rats
201 creatures vanquished.

Vanquished Creatures (collateral kills)
  A steam dragon (D:8)
  A sky beast (D:6)
  2 ice beasts (D:7)
  A centaur (D:7)
  2 bullfrogs
  3 wights
  4 killer bees (D:8)
  An electric eel (D:6)
  2 howler monkeys (D:8)
  A crimson imp (D:5)
  A jelly (D:8)
  A gnoll bouda (D:8)
  An orc wizard (D:6)
  9 gnolls
  3 orcs (D:6)
  13 hobgoblins (D:6)
  8 goblins (D:6)
  4 kobolds
58 creatures vanquished.

Vanquished Creatures (others)
  3 ancestors
3 creatures vanquished.

Grand Total: 262 creatures vanquished

Notes
Turn   | Place    | Note
-------+----------+-------------------------------------------
     0 | D:1      | ketsa the Vine Stalker Ice Elementalist began the quest for
                  | the Orb.
     0 | D:1      | Reached XP level 1. HP: 9/9 MP: 4/4
   258 | D:1      | Reached XP level 2. HP: 13/13 MP: 0/6
  1131 | D:2      | Reached XP level 3. HP: 16/16 MP: 4/8
  1181 | D:2      | Reached skill level 3 in Spellcasting
  1481 | D:2      | Noticed Natasha
  1491 | D:2      | Killed Natasha
  1492 | D:2      | Reached XP level 4. HP: 14/21 MP: 0/10
  1573 | D:2      | Learned a level 3 spell: Ozocubu's Armour
  1577 | D:2      | Learned a level 3 spell: Frozen Ramparts
  1588 | D:2      | Reached skill level 5 in Ice Magic
  1664 | D:2      | Noticed Natasha
  1825 | D:2      | Killed Natasha
  1907 | D:2      | Reached XP level 5. HP: 24/24 MP: 4/11
  1988 | D:2      | Noticed Natasha
  2009 | D:2      | Killed Natasha
  2181 | D:3      | Found a burning altar of Makhleb.
  2432 | D:3      | Upgraded the game from 0.32-a0-909-gc671339a80 to
                  | 0.32-a0-913-g739538afd8
  2814 | D:3      | Reached skill level 4 in Spellcasting
  2878 | D:3      | Found an ancient bone altar of Kikubaaqudgha.
  3004 | D:3      | Found a runed translucent door.
  3005 | D:3      | Noticed Crazy Yiuf
  3081 | D:3      | Found Osaug's Distillery.
  3093 | D:3      | Bought a potion of curing for 39 gold pieces
  3821 | D:4      | Reached XP level 6. HP: 27/28 MP: 11/13
  3851 | D:4      | Found a staircase to the Ecumenical Temple.
  3869 | Temple   | Entered the Ecumenical Temple
  3997 | Temple   | Became a worshipper of Hepliaklqana the Forgotten
  4053 | D:4      | Reached skill level 1 in Short Blades
  4147 | D:4      | Got the Atlas of Spellbinding and Projection
  4506 | D:4      | Noticed a black bear
  4512 | D:4      | Reached XP level 7. HP: 25/32 MP: 6/15
  4992 | D:4      | Reached skill level 5 in Spellcasting
  5478 | D:5      | Entered Level 5 of the Dungeon
  5598 | D:5      | Found a basalt altar of Yredelemnul.
  5627 | D:5      | Reached skill level 1 in Summonings
  5688 | D:5      | Gained mutation: You have razor-sharp teeth. [Vine Stalker
                  | growth]
  5688 | D:5      | Reached XP level 8. HP: 33/36 MP: 14/17
  5722 | D:5      | Found a shimmering altar of Xom.
  6071 | D:5      | Reached skill level 6 in Spellcasting
  6165 | D:5      | Reached * piety under Hepliaklqana
  6219 | D:5      | Found a hide-covered altar of Uskayaw.
  6256 | D:5      | Found an iron altar of Okawaru.
  6559 | D:5      | Reached skill level 1 in Conjurations
  6671 | D:6      | Found a broken altar of Ashenzari.
  7234 | D:6      | Reached XP level 9. HP: 13/35 MP: 7/19
  7800 | D:6      | Found a stormy altar of Qazlal.
  8336 | D:7      | Reached skill level 5 in Short Blades
  8428 | D:7      | Reached skill level 7 in Spellcasting
  8437 | D:7      | Learned a level 3 spell: Hailstorm
  8557 | D:7      | Found an ornate altar of the Wu Jian Council.
  8730 | D:7      | Reached skill level 5 in Summonings
  8884 | D:7      | Learned a level 3 spell: Summon Ice Beast
  9218 | D:7      | Noticed Menkaure
  9370 | D:7      | Found a sparkling altar of Nemelex Xobeh.
  9379 | D:7      | Killed Menkaure
  9569 | D:7      | Found a glowing silver altar of Zin.
  9629 | D:6      | Reached XP level 10. HP: 13/39 MP: 1/22
 10381 | D:6      | Reached skill level 1 in Hexes
 10536 | D:8      | Reached skill level 8 in Spellcasting
 10625 | D:8      | Noticed Grum
 10900 | D:8      | Reached skill level 1 in Fighting
 10900 | D:8      | Reached skill level 1 in Evocations
 10912 | D:8      | Reached ** piety under Hepliaklqana
 10913 | D:8      | Remembered your ancestor Edy as a knight
 11198 | D:8      | Noticed Jeremiah
 11220 | D:8      | Found a glowing golden altar of the Shining One.
 11235 | D:8      | Slain by Grum

Illustrated notes

Levels and vault maps discovered:
D:1:      dpeg_arrival_short_road, layout_basic
D:2:      layout_rooms, grunt_ministairs_12, uniq_natasha
D:3:      layout_loops_cross, mainiacjoe_overflow_24_doors,
          kiku_gazebo_pond_becter, serial_shops, shop, corexii_corridor_pit,
          minmay_ruptured, uniq_crazy_yiuf_cottage
D:4:      kennysheep_kobold_camp, layout_basic, minmay_temple_entry_metal_lava,
          grunt_ministairs_15
D:5:      layout_basic, mainiacjoe_overflow_surrounded_room, led_xom_imps,
          overflow_temple_1_default, lemuel_doored_altar
D:6:      minmay_goblin_kobold_castle, layout_loops_ring, ashenzari_altar_1,
          nicolae_qazlal_scattered_showers, minmay_misc_feat_nine_boxes
D:7:      layout_rooms, nemelex_xobeh_ov_fountains_minmay,
          mainiacjoe_overflow_concentric_impassable,
          mainiacjoe_overflow_alcove_1, kennysheep_cross_bottleneck,
          due_unseen_surprise, uniq_menkaure
D:8:      layout_basic, tso_metal_star, minmay_starry_boxes, uniq_grum,
          uniq_pikel, uniq_jeremiah
Temple:   hellmonk_temple_of_storms

Skill      XL: |  1  2  3  4  5  6  7  8  9 10 |
---------------+-------------------------------+-----
Spellcasting   | 3 4 5 6 7 8 |  8.3
Ice Magic      | 5 6 7 |  7.0
Short Blades   | 2 3 4 5 6 |  6.2
Summonings     | 1 4 5 |  5.6
Conjurations   | 2 4 |  4.7
Hexes          | 2 |  2.7
Fighting       | 1 |  1.6
Evocations     | 1 |  1.7
Dodging        | |  1.5
Stealth        | |  2.4

Action                     |  1- 3 |  4- 6 |  7- 9 | 10-12 || total
---------------------------+-------+-------+-------+-------++-------
  Melee: Unarmed           |     2 |       |       |       ||     2
         Short sword       |     9 |    44 |   259 |   102 ||   414
         Bite              |     2 |    15 |    61 |    28 ||   106
  Throw: Javelin           |       |     6 |       |       ||     6
         Boomerang         |       |     3 |     4 |       ||     7
   Cast: Freeze            |    45 |    62 |    21 |       ||   128
         Frozen Ramparts   |       |    12 |    44 |    12 ||    68
         Ozocubu's Armour  |       |     1 |     6 |     3 ||    10
         Summon Ice Beast  |       |       |     5 |     9 ||    14
         Hailstorm         |       |       |       |     3 ||     3
 Invoke: Ancestor Identity |       |       |     1 |       ||     1
         Recall Ancestor   |       |       |     1 |     1 ||     2
         Ancestor Life: Kn |       |       |       |     1 ||     1
    Use: Scroll            |     2 |       |    12 |     1 ||    15
         Potion            |       |       |     1 |     1 ||     2
   Stab: Sleeping          |       |     1 |     1 |       ||     2
 Armour: Robe              |    24 |    63 |   166 |   119 ||   372
  Dodge: Dodged            |    30 |    49 |   136 |    77 ||   292

Table legend: (Time is in decaauts)
 A = Elapsed time spent in this place.
 B = Non-inter-level travel time spent in this place.
 C = Inter-level travel time spent in this place.
 D = Time resting spent in this place.
 E = Time spent auto-exploring this place.
 F = Levels seen in this place.
 G = Mean time per level.
                   A        B        C        D        E       F      G
               +--------+--------+--------+--------+--------+-----+--------+
         Total |  11157 |  10718 |    439 |   3578 |   3616 |   9 | 1239.7 |
       Dungeon |  11019 |  10584 |    435 |   3578 |   3616 |   8 | 1377.4 |
        Temple |    137 |    133 |      4 |      0 |      0 |   1 |  137.0 |
               +--------+--------+--------+--------+--------+-----+--------+

Top non-repeatable levels by time:
     D:6: 2525 daAuts
     D:3: 1560 daAuts
     D:4: 1556 daAuts
     D:7: 1497 daAuts
     D:2: 1200 daAuts
     D:5: 1194 daAuts
     D:1: 1021 daAuts
     D:8: 462 daAuts
  Temple: 137 daAuts
